 Dungeon Crawl Stone Soup version 0.32-a0-705-g60f233581c (webtiles) character file.

Game seed: 2716229698747020685

403 hikkokomori the Shooter (level 6, -3/48 HPs)
             Began as a Coglin Hunter on Mar 14, 2024.
             Was a Follower of Okawaru.
             Slain by an ice beast (13 damage)
             ... on level 5 of the Dungeon.
             The game lasted 00:07:22 (3250 turns).

hikkokomori the Shooter (Coglin Hunter)             Turns: 3250, Time: 00:07:23

Health: -3/48      AC:  3    Str: 11    XL:     6   Next: 86%
Magic:  7/7        EV: 11    Int:  9    God:    Okawaru [*.....]
Gold:   191        SH:  0    Dex: 19    Spells: 2/5 levels left

rFire   . . .        a - +3 sling {Eideard}
rCold   . . .        d - +0 sling {Isabel}
rNeg    . . .        c - +0 leather armour
rPois   .            (no helmet)
rElec   .            (no cloak)
rCorr   .            (no gloves)
SInv    .            (no boots)
Will    .....        (amulet unavailable)
Stlth   ++           (ring unavailable)
HPRegen 0.28/turn    (ring unavailable)
MPRegen 0.10/turn    (no gizmo)

%: no passive effects
@: revved
A: off-hand wielding, slow wielding, warmup strikes, no jewellery
a: Invent Gizmo, Renounce Religion, Heroism


You were on level 5 of the Dungeon.
You worshipped Okawaru.
Okawaru was aware of your devotion.
You visited 1 branch of the dungeon, and saw 5 of its levels.

You collected 191 gold pieces.

Inventory:

Hand Weapons
 a - a +3 sling (weapon) {Eideard}
 d - a +0 sling (offhand) {Isabel}
 j - a +0 sling
Missiles
 v - 6 poisoned darts
Armour
 c - a +0 leather armour (worn)
Wands
 n - a wand of flame (22)
 q - a wand of polymorph (3)
 x - a wand of paralysis (1)
Scrolls
 b - a scroll of butterflies
 f - a scroll of blinking
 k - a scroll of revelation
Potions
 e - 3 potions of degeneration
 h - a potion of enlightenment {unknown}
 m - a potion of invisibility
 p - a potion of heal wounds {unknown}
 s - a potion of might
 t - 2 potions of curing
 z - a potion of brilliance {unknown}


   Skills:
 - Level 4.0 Fighting
 + Level 4.9 Ranged Weapons
 - Level 1.7 Dodging
 - Level 2.0 Stealth
 + Level 2.4 Invocations
 + Level 2.6 Evocations


You had 2 spell levels left.
You knew the following spells:

 Your Spells              Type           Power      Damage    Failure   Level
a - Mephitic Cloud        Conj/Alch/Air  0%         N/A       85%         3

Your spell library contained the following spells:

 Spells                   Type           Power      Damage    Failure   Level
 Sting                    Conj/Alch      0%         1d3       47%         1
 Dazzling Flash           Conj/Hex       0%         N/A       85%         3
 Curse of Agony           Necr           0%         N/A       100%        5
 Silence                  Hex/Air        0%         N/A       100%        5


Dungeon Overview and Level Annotations

Branches:
Dungeon (5/15)
 Temple: D:4-7

Altars:
Makhleb
Okawaru
Beogh


Innate Abilities, Weirdness & Mutations

You can wield a second weapon in your off-hand.
It takes a long time for you to wield or remove held weapons.
Your first few attacks do less damage.
You cannot equip rings or amulets.


Message History

You shoot a sling bullet.
The sling bullet barely misses the ice beast.
The ice beast closely misses you.
You shoot a sling bullet.
The sling bullet closely misses the ice beast.
You shoot a sling bullet.
The sling bullet closely misses the ice beast.
The ice beast hits you but does no damage.
You shoot a sling bullet. The sling bullet hits the ice beast.
The ice beast is almost dead.
You shoot a sling bullet.
The sling bullet closely misses the ice beast.
The ice beast hits you. The ice beast freezes you!
You are too injured to fight recklessly!
You are too injured to fight recklessly!
You are too injured to fight recklessly!
You are too injured to fight recklessly!
You are too injured to fight recklessly!
You are too injured to fight recklessly!
You are too injured to fight recklessly!
You are too injured to fight recklessly!
You are too injured to fight recklessly!
You are too injured to fight recklessly!
You are too injured to fight recklessly!
You are too injured to fight recklessly!
You are too injured to fight recklessly!
You are too injured to fight recklessly!
You are too injured to fight recklessly!
You are too injured to fight recklessly!
You shoot a sling bullet.
The sling bullet hits the ice beast but does no damage.
The ice beast is almost dead.
You shoot a sling bullet.
The sling bullet completely misses the ice beast.
The ice beast hits you. The ice beast freezes you!
* * * LOW HITPOINT WARNING * * *
The ice beast hits you.
* * * LOW HITPOINT WARNING * * *
The ice beast freezes you!
You die...

......#####......,,,,,,,,* *
......#..........,,,,,,,,* *
......#......#,,,,,,,,,,,*
.............#*******,,,,********
........##...########.,,,*,,,,,,,
..#...................,,,,,,,,,,,
..+..>..........########**,,,,,,,
###..............#......,,,,,,,,,
# #..#####.#####@Y......,,,,,,,,,
# #..#⌠~~###~~⌠#.#......,,,,,,,,,
# #..*~~~~~~~~~#.#,.....,,,,,,,,,
# *,,*~~~***~~~#.+,,.#..,*,,,,*,,
# *,,**~**,**~*#.#,*,#,.,*,,,,*,,
# **,,*~~,_,*~+...+*,,,,,*,,,,,,,
****,**~**,**~*#..,,,,,,,*,,,,,,,
,,,,,*~~~***~~~#..,,,,,,,,**,,,,,
****,*~~~~~~~~~*,,,,,,,,,,**,,,,,


You could see an ice beast.

Vanquished Creatures
  A scorpion (D:4)
  A bombardier beetle (D:4)
  An orc priest (D:4)
  2 hounds (D:4)
  Jessica (D:2)
  An iguana (D:4)
  4 gnolls (D:2)
  5 adders (D:2)
  4 dart slugs
  4 ribbon worms
  6 orcs (D:4)
  7 endoplasms
  3 giant cockroaches (D:1)
  4 goblins
  4 hobgoblins
  6 quokkas
  5 ball pythons
  4 bats
  A frilled lizard (D:1)
  3 kobolds
  4 rats
71 creatures vanquished.

Notes
Turn   | Place    | Note
-------+----------+-------------------------------------------
     0 | D:1      | hikkokomori the Coglin Hunter began the quest for the Orb.
     0 | D:1      | Reached XP level 1. HP: 16/16 MP: 1/1
   179 | D:1      | Reached skill level 1 in Stealth
   190 | D:1      | Reached XP level 2. HP: 22/22 MP: 2/2
   240 | D:1      | Found a faded altar of an unknown god.
   249 | D:1      | Got Plato's Cyclopedia of the Tincture
   688 | D:1      | Prayed at the altar of an unknown god.
   688 | D:1      | Became a worshipper of Warmaster Okawaru
   688 | D:1      | Reached * piety under Okawaru
   706 | D:2      | Found a burning altar of Makhleb.
   773 | D:2      | Reached XP level 3. HP: 28/28 MP: 3/3
   791 | D:2      | Reached XP level 4. HP: 11/34 MP: 1/4
   818 | D:2      | Reached skill level 1 in Invocations
  1117 | D:2      | Reached XP level 5. HP: 41/41 MP: 5/5
  1179 | D:2      | Noticed Jessica
  1185 | D:2      | Killed Jessica
  2314 | D:4      | Reached skill level 1 in Evocations
  2547 | D:4      | Reached XP level 6. HP: 33/48 MP: 7/7
  2822 | D:4      | Found a roughly hewn altar of Beogh.
  2822 | D:4      | Found the +7 staff of the Meek {protect, meekguard}
  2953 | D:4      | Reached ** piety under Okawaru
  3077 | D:4      | Learned a level 3 spell: Mephitic Cloud
  3205 | D:5      | Entered Level 5 of the Dungeon
  3238 | D:5      | Noticed an ice beast
  3250 | D:5      | Slain by an ice beast

Illustrated notes

Levels and vault maps discovered:
D:1:      psy_arrival_radial02, layout_basic,
          shapermc_ecumenical_altar_rom_forum
D:2:      layout_rooms, basic_altar, minmay_pentomino_o2, uniq_jessica
D:3:      layout_loops_corners, minmay_misc_feat_pillars
D:4:      layout_basic, pf_guarded_unrand_meek
D:5:      layout_basic, cheibrodos_worm_habitat,
          chequers_temple_overflow_minitemple, portal_sewer_entry_c

Skill      XL: |  1  2  3  4  5  6 |
---------------+-------------------+-----
Stealth        | 1 2 |  2.0
Ranged Weapons | 4 |  4.9
Invocations    | 1 2 |  2.4
Fighting       | 3 4 |  4.0
Evocations     | 1 2 |  2.6
Dodging        | |  1.7

Action                     |  1- 3 |  4- 6 || total
---------------------------+-------+-------++-------
   Fire: Sling             |    84 |   326 ||   410
 Invoke: Heroism           |     1 |     1 ||     2
    Use: Scroll            |       |    13 ||    13
 Armour: Leather armour    |     2 |    34 ||    36
  Dodge: Dodged            |     5 |    25 ||    30

Table legend: (Time is in decaauts)
 A = Elapsed time spent in this place.
 B = Non-inter-level travel time spent in this place.
 C = Inter-level travel time spent in this place.
 D = Time resting spent in this place.
 E = Time spent auto-exploring this place.
 F = Levels seen in this place.
 G = Mean time per level.
                   A        B        C        D        E       F      G
               +--------+--------+--------+--------+--------+-----+--------+
         Total |   3294 |   3164 |    130 |    100 |   2598 |   5 |  658.8 |
       Dungeon |   3294 |   3164 |    130 |    100 |   2598 |   5 |  658.8 |
               +--------+--------+--------+--------+--------+-----+--------+

Top non-repeatable levels by time:
     D:4: 967 daAuts
     D:3: 957 daAuts
     D:1: 713 daAuts
     D:2: 608 daAuts
     D:5: 46 daAuts
